 Dungeon Crawl Stone Soup version 0.28-a0-1080-g05a166d0ed (webtiles) character file.

Game seed: 12128098465010348448

124 ytrimaz the Insei (level 4, 0/36 HPs)
             Began as a Draconian Transmuter on Dec 9, 2021.
             Succumbed to a scorpion's poison
             ... on level 4 of the Dungeon.
             The game lasted 00:02:05 (2325 turns).

ytrimaz the Insei (Draconian Transmuter)            Turns: 2325, Time: 00:02:05

Health: 0/36       AC:  6    Str: 12    XL:     4   Next: 81%
Magic:  2/8        EV: 12    Int: 15    God:
Gold:   96         SH:  0    Dex: 12    Spells: 4/8 levels left

rFire   . . .      SeeInvis .     - Unarmed
rCold   + . .      Faith    .   (no shield)
rNeg    . . .      Spirit   .   (armour unavailable)
rPois   .          Reflect  .   a - +1 hat
rElec   .          Harm     .   (no cloak)
rCorr   .          Rampage  .   (no gloves)
Will    .....                   (no boots)
Stlth   +.........              (no amulet)
HPRegen 0.12/turn               b - ring of protection from cold
MPRegen 0.11/turn               (no ring)

@: brilliant, lethally poisoned (0 -> -6)
A: AC +5, unfitting armour, cold-blooded
a: no special abilities


You were on level 4 of the Dungeon.
You visited 1 branch of the dungeon, and saw 3 of its levels.

You collected 96 gold pieces.

Inventory:

Armour
 a - a +1 hat (worn)
Jewellery
 b - a ring of protection from cold (left hand)


   Skills:
 * Level 2.1 Fighting
 - Level 1.7 Dodging
 + Level 4.0 Unarmed Combat
 * Level 2.9 Spellcasting
 * Level 2.9 Transmutations
 + Level 0.7 Poison Magic


You had 4 spell levels left.
You knew the following spells:

 Your Spells              Type           Power      Damage    Failure   Level
a - Beastly Appendage     Tmut           32%        N/A       6%          1
b - Spider Form           Tmut/Pois      11%        N/A       28%         3

Your spell library contained the following spells:

 Spells                   Type           Power      Damage    Failure   Level
 Wereblood                Tmut           16%        N/A       10%         2
 Magic Dart               Conj           12%        1d3       21%         1
 Searing Ray              Conj           6%         2d4       30%         2
 Ice Form                 Ice/Tmut       9%         N/A       73%         4
 Fulminant Prism          Conj/Hex       1%         3d6       90%         4


Dungeon Overview and Level Annotations

Branches:
Dungeon (2/15)

Altars:

Shops:
D:4 (


Innate Abilities, Weirdness & Mutations

Your plain brown scales are hard. (AC +5)
You cannot fit into any form of body armour.
You are cold-blooded and may be slowed by cold attacks.


Message History

You hit the scorpion but do no damage. Your kick misses the scorpion.
The scorpion is lightly wounded.
You feel sick. The scorpion stings you!
You hit the scorpion. Your kick misses the scorpion.
The scorpion is moderately wounded.
You feel sick. The scorpion closely misses you.
Unknown command.
You barely miss the scorpion. You headbutt the scorpion.
You tail-slap the scorpion.
The scorpion is severely wounded.
You feel sick. The scorpion stings you. x2
It was a potion of cancellation.
Your magical effects are unravelling.
You feel magically purged.
Your magical contamination has completely faded away.
Your horns disappear.
Your talons disappear.
Your +1 hat unmelds from your body.
You feel sick. The scorpion stings you.
* * * LOW HITPOINT WARNING * * *
You are lethally poisoned!
The scorpion poisons you!
You hit the scorpion.
The scorpion is severely wounded.
* * * LOW HITPOINT WARNING * * *
You feel sick. The scorpion barely misses you.
Unknown command.
Unknown command.
It was a potion of brilliance.
You feel clever all of a sudden.
* * * LOW HITPOINT WARNING * * *
You feel very sick.
The scorpion stings you but does no damage.
You closely miss the scorpion.
Your tail-slap misses the scorpion.
The scorpion is severely wounded.
* * * LOW HITPOINT WARNING * * *
You feel sick.
The scorpion stings you but does no damage.
Unknown command.
You hit the scorpion but do no damage.
The scorpion is severely wounded.
You die...

..........###
............#
.............# .
.[............#..
.............#..#
#................
#........s...#
#........@?.#
#..........#
#.........##
##........#
#.......##
##......#
##.(..####
##..#### ###..##


You could see a scorpion.

Vanquished Creatures
  A hound skeleton (D:4)
  6 adders
  3 dart slugs
  An orc (D:2)
  5 endoplasms
  2 giant cockroaches (D:1)
  3 goblins
  10 hobgoblins
  4 jackals (D:2)
  A kobold (D:1)
  2 quokkas (D:1)
  A ball python (D:4)
  3 bats
  2 frilled lizards (D:1)
  4 rats (D:2)
48 creatures vanquished.

Notes
Turn   | Place    | Note
-------+----------+-------------------------------------------
     0 | D:1      | ytrimaz the Draconian Transmuter began the quest for the
                  | Orb.
     0 | D:1      | Reached XP level 1. HP: 16/16 MP: 3/3
   320 | D:1      | Reached XP level 2. HP: 22/23 MP: 3/5
   439 | D:1      | Found a faded altar of an unknown god.
  1064 | D:2      | Reached XP level 3. HP: 27/28 MP: 4/6
  1074 | D:2      | Learned a level 3 spell: Spider Form
  1359 | D:2      | Reached XP level 4. HP: 29/36 MP: 6/8
  1913 | D:2      | You fall into a shaft and drop 2 floors!
  2048 | D:4      | Found Qeqiukus's Weapon Emporium.
  2071 | D:4      | Reached skill level 4 in Unarmed Combat
  2308 | D:4      | Noticed a scorpion
  2325 | D:4      | Succumbed to a scorpion's poison

Illustrated notes

Levels and vault maps discovered:
D:1:      lemuel_arrival_hallway, layout_rooms, basic_ecumenical_altar
D:2:      layout_basic
D:4:      layout_cave_pods, serial_shops, nicolae_inconvenience_store,
          uniq_menkaure

Skill      XL: |  1  2  3  4 |
---------------+-------------+-----
Fighting       | 2 |  2.1
Unarmed Combat | 4 |  4.0
Dodging        | |  1.7
Spellcasting   | |  2.9
Transmutations | |  2.9
Poison Magic   | |  0.7

Action                   |  1- 3 |  4- 6 || total
-------------------------+-------+-------++-------
Melee: Unarmed           |   104 |    68 ||   172
       Headbutt          |    10 |     1 ||    11
       Kick              |    15 |     7 ||    22
       Tailslap          |     4 |     6 ||    10
       Punch             |     1 |       ||     1
 Cast: Beastly Appendage |    18 |     5 ||    23
       Spider Form       |       |     1 ||     1
  Use: Scroll            |     1 |       ||     1
       Potion            |       |     3 ||     3
Armor: Skin              |    19 |    19 ||    38
Dodge: Dodged            |    59 |    40 ||    99

Table legend: (Time is in decaauts)
 A = Elapsed time spent in this place.
 B = Non-inter-level travel time spent in this place.
 C = Inter-level travel time spent in this place.
 D = Time resting spent in this place.
 E = Time spent auto-exploring this place.
 F = Levels seen in this place.
 G = Mean time per level.
                   A        B        C        D        E       F      G
               +--------+--------+--------+--------+--------+-----+--------+
         Total |   2312 |   2307 |      5 |      0 |   1942 |   3 |  770.7 |
       Dungeon |   2312 |   2307 |      5 |      0 |   1942 |   3 |  770.7 |
               +--------+--------+--------+--------+--------+-----+--------+

Top non-repeatable levels by time:
     D:2: 1085 daAuts
     D:1: 818 daAuts
     D:4: 409 daAuts
